 Dungeon Crawl Stone Soup version 0.17-a0-2127-g1cb09f6 (webtiles) character file.

34149 SlimeFever the Bludgeoner (level 13, -2/114 HPs)
             Began as a Minotaur Fighter on Oct 22, 2015.
             Was the Champion of Okawaru.
             Killed from afar by a deep elf mage (12 damage)
             ... with a lance of force
             ... on level 1 of the Elven Halls.
             The game lasted 02:12:31 (14622 turns).

SlimeFever the Bludgeoner (Minotaur Fighter)       Turns: 14622, Time: 02:12:31

Health: -2/114     AC: 25    Str: 28    XL:     13   Next: 40%
Magic:  14/14      EV: 11    Int:  5    God:    Okawaru [******]
Gold:   517        SH:  0    Dex: 12    Spells: 0 memorised, 15 levels left

rFire  + . .     SeeInvis .     a - +10 great mace of the Three Songs {pain, *Rage rN++ Str+4}
rCold  . . .     Rnd*Rage +     P - +2 plate armour {rF+}
rNeg   + + .     SustAt   .     (no shield)
rPois  .         Gourm    .     J - +0 hat
rElec  .         Spirit   .     G - +0 cloak
rCorr  .         Warding  .     q - +0 pair of gloves
rMut   .         Stasis   .     x - +0 pair of boots
MR     +....                    (no amulet)
Stlth  ..........               S - +3 ring of protection
                                T - ring of protection from magic

@: somewhat resistant to hostile enchantments, extremely unstealthy
A: retaliatory headbutt, horns 2
a: Heroism, Finesse, Renounce Religion


You were on level 1 of the Elven Halls.
You worshipped Okawaru.
Okawaru was exalted by your worship.
You were not hungry.

You visited 3 branches of the dungeon, and saw 17 of its levels.
You also visited: Sewer, Ossuary and Volcano.

You collected 1712 gold pieces.
You spent 1195 gold pieces at shops.

Inventory:

Hand Weapons
 a - the +10 great mace of the Three Songs (weapon) {pain, *Rage rN++ Str+4}
   (Okawaru gifted it to you on level 4 of the Orcish Mines)

   In the hands of one skilled in necromantic magic, it inflicts extra damage on
   living creatures.
   It affects your strength (+4).
   It greatly protects you from negative energy.
   It may make you go berserk in combat.
 b - a +2 shortbow of velocity
 l - a +1 dire flail of holy wrath
 p - a +0 eveningstar
 O - a +2 dire flail
 U - a +2 dire flail of flaming
Missiles
 n - 40 tomahawks (quivered)
 r - 15 arrows of frost
 y - 190 arrows
 L - 10 arrows of flame
 N - 5 poisoned tomahawks
Armour
 q - a +0 pair of gloves (worn)
 u - a +4 scale mail
 w - the +1 cloak of Pessimism {rPois Regen+ Str-5 Slay+2}
   (You found it on level 6 of the Dungeon)

   It affects your strength (-5).
   It affects your accuracy and damage with ranged weapons and melee attacks
   (+2).
   It protects you from poison.
   It increases your rate of regeneration.
 x - a +0 pair of boots (worn)
 G - a +0 cloak (worn)
 J - a +0 hat (worn)
 P - a +2 plate armour of fire resistance (worn)
Jewellery
 H - an uncursed ring of poison resistance
 S - a +3 ring of protection (right hand)
 T - a ring of protection from magic (left hand)
Scrolls
 g - 2 scrolls of blinking
 k - 6 scrolls of remove curse
 t - a scroll of teleportation
 A - a scroll of enchant armour
 D - a scroll of identify
 E - 2 scrolls of magic mapping
 F - 2 scrolls of enchant weapon
Potions
 d - 2 potions of might
 h - a potion of ambrosia
 i - a potion of haste
 j - 7 potions of curing
 m - a potion of cure mutation {unknown}
 o - a potion of flight
 s - a potion of heal wounds {unknown}
 v - a potion of poison {unknown}
 z - a potion of invisibility
 C - 2 potions of resistance
 I - a potion of brilliance {unknown}
 M - 4 potions of berserk rage
Comestibles
 c - a meat ration
 e - 11 bread rations
 f - 2 beef jerkies


   Skills:
 + Level 10.5 Fighting
 * Level 16.9 Maces & Flails
   Level 1.0(2.2) Slings
 + Level 3.8 Bows
 + Level 2.8(2.9) Throwing
 * Level 13.2 Armour
 + Level 8.3 Dodging
 + Level 2.8 Stealth
   Level 5.3 Shields
 + Level 2.6 Unarmed Combat
 + Level 1.5 Spellcasting
   Level 1.5 Hexes
 + Level 2.7 Invocations


You had 15 spell levels left.
You didn't know any spells.

Dungeon Overview and Level Annotations

Branches:
Dungeon (12/15)            Temple (0/1) D:5            Lair (0/8) D:8
    Orc (4/4) D:12            Elf (1/3) Orc:4

Altars:
Ashenzari
Cheibriados
Elyvilon
Gozag
Nemelex Xobeh
Okawaru
Ru
Sif Muna
Vehumet
Yredelemnul
The Shining One

Shops:
D:4 :   D:5 [   D:9 (   Orc:3 *   Orc:4 (!=(


Innate Abilities, Weirdness & Mutations

You reflexively headbutt those who attack you in melee.
You have a pair of horns on your head.


Message History

The hell rat disappears in a puff of smoke!
The redback disappears in a puff of smoke!
You bludgeon the deep elf summoner!!
Your headbutt misses the deep elf summoner.
The deep elf summoner is severely wounded.
The deep elf summoner barely misses you.
You furiously retaliate!
You headbutt the deep elf summoner.
You pound the deep elf summoner like an anvil!!!
You kill the deep elf summoner!
Okawaru accepts your kill.
Things that are here:
a falchion; a leather armour The deep elf mage hits you but does no damage.
The deep elf mage closely misses you.
You sock the deep elf mage!
You headbutt the deep elf mage, but do no damage.
The deep elf mage is moderately wounded.
The deep elf mage points at you and mumbles some strange words.
The lance of force hits you!
You die...

### #.### #..
e.... #.#
#)#.# #.#
#'#'#+# #.#
#.#.#e#
#e############
#@.)......).)#
#..).../..)<.#
#......)..)))#
#............#
#............#
##############
#.#.#e#
#+#+#+#


You could see a deep elf mage.

Vanquished Creatures
  An orc warlord (Orc:4)
  2 tengu warriors (D:12)
  A small abomination (Elf:1)
  The ghost of Noname the Archer, a novice CeAM of Fedhas (D:8)
  2 death yaks (D:8)
  An orc high priest (Orc:4)
  5 deep elf summoners (Elf:1)
  Pikel (D:7)
  4 hill giants
  2 deep elf conjurers (Elf:1)
  4 orc sorcerers (Orc:4)
  2 cyclopes
  2 centaur zombies
  Maurice (Orc:2)
  Joseph (D:7)
  Psyche (D:12)
  A kobold demonologist (D:12)
  A deep elf priest (Elf:1)
  5 trolls
  A two-headed ogre (Volcano)
  A trapdoor spider (D:10)
  Sigmund (D:6)
  A wraith (Ossuary)
  3 yaks (D:8)
  A wyvern (D:11)
  A fire bat (Volcano)
  5 hippogriffs
  2 hogs (Volcano)
  3 deep elf magi
  2 wargs
  A deep elf fighter (Elf:1)
  Edmund (D:4)
  2 porcupines (D:8)
  4 sky beasts
  3 ice beasts
  A black bear (D:9)
  2 necrophages
  26 orc warriors
  A phantom (D:5)
  A water moccasin (D:6)
  An eye of draining (D:12)
  8 centaurs
  10 ogres
  2 big kobolds (D:12)
  8 giant frogs
  A gnoll sergeant (D:12)
  4 scorpions
  9 killer bees
  8 wights
  3 lava snakes (D:10)
  8 crimson imps
  The ghost of 4thArraOfDagon the Firebug, a weakling DEFE (D:9)
  52 orc wizards
  2 jellies
  28 orc priests
  A centaur skeleton (D:7)
  A hell rat (D:8)
  2 giant frog skeletons
  6 hounds
  Terence (D:3)
  3 iguanas
  14 worker ants
  A mummy (Ossuary)
  2 hound skeletons
  8 adders
  7 gnolls
  10 oozes (Sewer)
  A worm (D:3)
  14 giant geckos
  146 orcs
  9 ball pythons
  9 hobgoblins
  12 jackals
  4 quokkas
  15 bats
  19 giant cockroaches
  17 giant newts
  7 gnoll skeletons (Ossuary)
  13 goblins
  A jackal skeleton (D:4)
  11 kobolds
  6 kobold skeletons (Ossuary)
  12 orc skeletons (Ossuary)
  A quokka skeleton (D:6)
  9 rats
  2 crawling corpses (Elf:1)
  A plant (D:1)
611 creatures vanquished.

Vanquished Creatures (others)
  Duvessa (D:7)
  2 slaves (D:7)
  A centaur (Volcano)
  Dowan (D:7)
  An orc wizard (Orc:4)
  An orc (D:7)
  A quokka (D:7)
8 creatures vanquished.

Grand Total: 619 creatures vanquished

Notes
Turn   | Place    | Note
--------------------------------------------------------------
     0 | D:1      | SlimeFever the Minotaur Fighter began the quest for the Orb.
     0 | D:1      | Reached XP level 1. HP: 19/19 MP: 0/0
   218 | D:1      | Reached XP level 2. HP: 14/27 MP: 1/1
   370 | D:1      | Reached skill level 4 in Armour
   807 | D:1      | Reached XP level 3. HP: 33/33 MP: 2/2
  1493 | D:2      | Found a sacrificial altar of Ru.
  1493 | D:2      | Found a basalt altar of Yredelemnul.
  1639 | D:3      | Reached XP level 4. HP: 32/40 MP: 3/3
  1970 | D:3      | Noticed Terence
  1979 | D:3      | Killed Terence
  1979 | D:3      | Reached skill level 5 in Armour
  1979 | D:3      | Reached XP level 5. HP: 44/46 MP: 4/4
  2393 | D:4      | Reached skill level 1 in Dodging
  2401 | D:4      | Found Ytaecsi's Book Emporium.
  2494 | D:4      | Learned a level 2 spell: Confusing Touch
  2536 | D:4      | Found a glowing golden altar of the Shining One.
  2538 | D:4      | Found an opulent altar of Gozag.
  2556 | D:4      | Reached skill level 5 in Shields
  2625 | D:4      | Noticed Edmund
  2644 | D:4      | Killed Edmund
  2644 | D:4      | Reached XP level 6. HP: 39/53 MP: 5/5
  2724 | D:4      | Reached skill level 6 in Armour
  3075 | D:4      | Reached XP level 7. HP: 50/60 MP: 6/6
  3078 | D:4      | Reached skill level 5 in Maces & Flails
  3094 | D:4      | Found an iron altar of Okawaru.
  3105 | D:4      | Became a worshipper of Warmaster Okawaru
  3224 | D:4      | HP: 2/60 [cloud of flame (9)]
  3231 | D:4      | HP: 1/60 [poisoned by a worker ant]
  3239 | D:4      | HP: 1/60 [poisoned by a worker ant]
  3584 | D:4      | Found a white marble altar of Elyvilon.
  3585 | D:4      | Found a shattered altar of Ashenzari.
  3758 | D:5      | Entered Level 5 of the Dungeon
  3933 | D:5      | Reached skill level 7 in Armour
  3973 | D:5      | Found a staircase to the Ecumenical Temple.
  4008 | D:5      | Found Roenalin's Antique Armour Emporium.
  4015 | D:5      | Bought a runed leather armour for 36 gold pieces
  4221 | D:5      | Reached * piety under Okawaru
  4221 | D:5      | Reached XP level 8. HP: 29/67 MP: 7/7
  4556 | D:6      | Reached skill level 5 in Fighting
  4556 | D:6      | Reached skill level 1 in Slings
  4609 | D:6      | Reached skill level 8 in Armour
  4646 | D:6      | Found a deep blue altar of Sif Muna.
  4717 | D:6      | Found a glowing drain.
  4728 | Sewer    | Entered a sewer
  5124 | D:6      | Reached ** piety under Okawaru
  5472 | D:6      | Got a scorched cloak
  5478 | D:6      | Identified the +1 cloak of Pessimism {rPois Regen+ Str-5 Slay+2} (You found it on level 6 of the Dungeon)
  5578 | D:6      | Noticed Sigmund
  5621 | D:6      | Killed Sigmund
  5637 | D:6      | Reached XP level 9. HP: 73/75 MP: 8/8
  5677 | D:6      | Reached skill level 1 in Stealth
  5692 | D:6      | Reached skill level 9 in Armour
  5692 | D:6      | Reached skill level 5 in Dodging
  5924 | D:6      | Reached *** piety under Okawaru
  6433 | D:7      | Noticed Joseph
  6448 | D:7      | Killed Joseph
  6451 | D:7      | Noticed Pikel
  6459 | D:7      | Killed Pikel
  6459 | D:7      | Reached **** piety under Okawaru
  6459 | D:7      | Reached skill level 10 in Maces & Flails
  6495 | D:7      | Killed Duvessa
  6514 | D:7      | Killed Dowan
  6556 | D:7      | Found a radiant altar of Vehumet.
  6572 | D:7      | Found a sparkling altar of Nemelex Xobeh.
  6971 | D:7      | Reached skill level 1 in Invocations
  6973 | D:7      | Reached XP level 10. HP: 80/84 MP: 9/9
  7257 | D:8      | Noticed a death yak
  7258 | D:8      | Noticed a death yak
  7259 | D:8      | Found a staircase to the Lair.
  7273 | D:8      | Reached skill level 11 in Maces & Flails
  7273 | D:8      | Reached skill level 1 in Spellcasting
  7273 | D:8      | Reached skill level 1 in Hexes
  7273 | D:8      | Reached XP level 11. HP: 43/93 MP: 9/12
  7289 | D:8      | Found a sand-covered staircase.
  7296 | Ossuary  | Entered an ossuary
  7601 | D:8      | Noticed Noname's ghost (novice CeAM)
  7618 | D:8      | Killed Noname's ghost
  7712 | D:8      | Killed a death yak
  7712 | D:8      | Reached skill level 12 in Maces & Flails
  7722 | D:8      | Killed a death yak
  7722 | D:8      | Reached ***** piety under Okawaru
  8163 | D:8      | Received a gift from Okawaru
  8477 | D:9      | Noticed 4thArraOfDagon's ghost (weakling DEFE)
  8483 | D:9      | Killed 4thArraOfDagon's ghost
  8510 | D:9      | Found a runed door.
  8525 | D:9      | Found a runed door.
  8738 | D:9      | Found a snail-covered altar of Cheibriados.
  8804 | D:9      | Reached skill level 13 in Maces & Flails
  8821 | D:9      | Found Yves Ijui's Antique Weapon Shoppe.
  8836 | D:9      | Bought a runed morningstar for 88 gold pieces
  8990 | D:10     | Entered Level 10 of the Dungeon
  9674 | D:11     | Reached ****** piety under Okawaru
  9935 | D:11     | Noticed a hill giant
  9946 | D:11     | Killed a hill giant
  9946 | D:11     | Received a gift from Okawaru
  9981 | D:11     | Noticed a hill giant
  9998 | D:11     | Killed a hill giant
  9998 | D:11     | Reached XP level 12. HP: 101/104 MP: 13/13
 10512 | D:12     | Reached skill level 14 in Maces & Flails
 10755 | D:12     | Found a staircase to the Orcish Mines.
 10934 | D:12     | Received a gift from Okawaru
 11036 | D:12     | Noticed Psyche
 11049 | D:12     | Killed Psyche
 11290 | D:12     | Reached skill level 15 in Maces & Flails
 11381 | Orc:1    | Entered Level 1 of the Orcish Mines
 11684 | Orc:1    | Found a dark tunnel.
 11697 | Volcano  | Entered a volcano
 12428 | Orc:2    | Noticed Maurice
 12447 | Orc:2    | Killed Maurice
 12626 | Orc:3    | Found Emim's Eclectic Emporium.
 12634 | Orc:3    | Bought a scroll of enchant weapon for 105 gold pieces
 12634 | Orc:3    | Bought a +0 eveningstar for 210 gold pieces
 12634 | Orc:3    | Bought a scroll of enchant weapon for 105 gold pieces
 13059 | Orc:4    | Entered Level 4 of the Orcish Mines
 13404 | Orc:4    | Noticed an orc warlord
 13422 | Orc:4    | Killed an orc warlord
 13437 | Orc:4    | Reached skill level 10 in Fighting
 13558 | Orc:4    | Found a staircase to the Elven Halls.
 13712 | Orc:4    | Reached skill level 16 in Maces & Flails
 13797 | Orc:4    | Received a gift from Okawaru
 13809 | Orc:4    | Reached XP level 13. HP: 50/113 MP: 14/14
 14095 | Orc:4    | Found Fesuadd's Jewellery Emporium.
 14095 | Orc:4    | Found Riatoasu's Antique Weapon Emporium.
 14100 | Orc:4    | Found Hyufa's Distillery.
 14109 | Orc:4    | Found Cagumoad's Weapon Shoppe.
 14163 | Orc:4    | Bought a potion of might for 68 gold pieces
 14164 | Orc:4    | Bought a glowing flail for 77 gold pieces
 14165 | Orc:4    | Bought a +3 ring of protection for 231 gold pieces
 14165 | Orc:4    | Bought an uncursed ring of protection from magic for 275 gold pieces
 14201 | Orc:4    | Received a gift from Okawaru
 14205 | Orc:4    | Got a brightly glowing great mace {god gift}
 14206 | Orc:4    | Identified the +10 great mace of the Three Songs {pain, *Rage rN++ Str+4} (Okawaru gifted it to you on level 4 of the Orcish Mines)
 14530 | Elf:1    | Entered Level 1 of the Elven Halls
 14622 | Elf:1    | Killed from afar by a deep elf mage

Vault maps used:
D:1:      dpeg_arrival_pond, serial_bayou, serial_bayou_lagoon_b,
          serial_bayou_ford_a, serial_bayou_lagoon_a, serial_bayou_pond_d
D:2:      gammafunk_temple_overflow_wave
D:3:      uniq_terence
D:4:      okawaru_gym_becter, nicolae_overflow_hidden_temple, first_bread,
          serial_shops, shop, uniq_edmund
D:5:      minmay_temple_entry_junction, serial_shops, shop
D:6:      led_sif_pool, portal_sewer_entry_d, minmay_misc_feat_secret_circle,
          minmay_misc_feat_rows, uniq_sigmund
D:7:      overflow_temple_1_default, nemelex_deck, uniq_pikel, uniq_joseph,
          uniq_duvessa
D:8:      dpeg_lair_monsters, nicolae_ossuary_entry_plus
D:9:      lemuel_insect_pit, lemuel_doored_altar, serial_shops,
          nicolae_shop_overgrown_old_shop
D:10:     erik_rubicon_a, serial_shops, shop, basic_altar, uniq_sonja
D:12:     orc_0_dummy, uniq_psyche
Orc:1:    enter_volcano_1
Orc:2:    uniq_nergalle, uniq_maurice
Orc:3:    nicolae_orc_pool_cavern, nicolae_alphabet_shops, uniq_erolcha
Orc:4:    st_orc_mages
Elf:1:    minmay_elf_arrival_summoners, kennysheep_underground_church
Sewer:    sewer_frog_island_02
Ossuary:  ossuary_due_mausoleum
Volcano:  volcano_village

Action                   |  1- 3 |  4- 6 |  7- 9 | 10-12 | 13-15 || total
-------------------------+-------+-------+-------+-------+-------++-------
Melee: Flail             |   151 |    99 |       |   100 |       ||   350
       Dire flail        |       |    31 |   366 |   765 |    49 ||  1211
       Great mace        |       |       |       |       |    98 ||    98
 Fire: Hunting sling     |       |       |     5 |       |       ||     5
       Shortbow          |       |       |     3 |    18 |       ||    21
Throw: Tomahawk          |       |       |     3 |       |       ||     3
       Javelin           |       |       |     1 |     5 |       ||     6
Invok: Heroism           |       |       |     1 |     1 |       ||     2
  Use: Scroll            |     1 |     3 |     7 |    13 |       ||    24
       Potion            |       |     1 |     3 |     4 |       ||     8
  Eat: Bread ration      |     1 |       |       |       |       ||     1
       Meat ration       |       |     1 |       |     5 |     1 ||     7
       Fruit             |       |       |     7 |       |       ||     7
       Pizza             |       |       |     3 |       |       ||     3
